 Dungeon Crawl Stone Soup version 0.18-a0-1045-g4e042de (webtiles) character file.

7714 Ijustatesigmund the Envoy of Void (level 11, -4/90 HPs)
             Began as a Demonspawn Abyssal Knight on Jan 11, 2016.
             Was a High Priest of Lugonu.
             Slain by an unseen horror (8 damage)
             ... on level 10 of the Dungeon.
             The game lasted 00:36:21 (11333 turns).

Ijustatesigmund the Envoy of Void (DsAK)           Turns: 11333, Time: 00:36:21

Health: -4/90      AC:  6    Str: 14    XL:     11   Next: 0%
Magic:  16/20      EV: 13    Int: 13    God:    Lugonu [*****.]
Gold:   622        SH:  0    Dex: 15    Spells: 0 memorised, 10 levels left

rFire  + . .     SeeInvis .     C - +2 dire flail (flame)
rCold  + . .     Gourm    .     h - +0 ring mail {rC+}
rNeg   . . .     Faith    .     (shield currently unavailable)
rPois  .         Spirit   .     (helmet unavailable)
rElec  .         Dismiss  .     (no cloak)
rCorr  .         Reflect  .     O - +0 pair of gloves
SustAt .         Harm     .     v - +2 pair of boots
MR     .....                    (no amulet)
Stlth  ++........               x - ring of fire
                                a - ring of stealth

@: corroded equipment, not resistant to hostile enchantments, unstealthy
A: horns 3, cold resistance 1, demonic guardian 1, freezing cloud immunity
a: Depart the Abyss, Bend Space, Banish, Corrupt, Enter the Abyss, Renounce
Religion


You were on level 10 of the Dungeon.
You worshipped Lugonu.
Lugonu was extremely pleased with you.
You were not hungry.

You visited 1 branch of the dungeon, and saw 10 of its levels.
You visited the Abyss 2 times.
You also visited: Ossuary.

You collected 622 gold pieces.

Inventory:

Hand Weapons
 p - a +4 flail of flaming
 C - a +2 dire flail of flaming (weapon)
Missiles
 b - 95 bolts
 d - 22 tomahawks
 u - 11 steel tomahawks (quivered)
 y - 5 throwing nets
 B - 2 javelins
Armour
 h - a +0 ring mail of cold resistance (worn)
 l - a +1 ring mail
 v - a +2 pair of boots (worn)
 O - a +0 pair of gloves (worn)
Jewellery
 a - a ring of stealth (left hand)
 x - a ring of fire (right hand)
 A - an uncursed ring of resist corrosion
 F - an uncursed ring of magical power
Wands
 E - a wand of frost (28/48)
 M - a wand of cold (3/15)
 N - a wand of flame (28/48)
Scrolls
 f - 3 scrolls of recharging
 m - 4 scrolls of blinking
 s - 7 scrolls of teleportation
 t - 5 scrolls of remove curse
 w - 4 scrolls of amnesia
 P - a scroll of fear
Potions
 g - a potion of curing
 i - 4 potions of cure mutation
 j - 2 potions of lignification
 n - a potion of ambrosia
 o - 3 potions of brilliance
 q - a potion of mutation
 H - a potion of agility {unknown}
 J - 2 potions of cancellation
Books
 r - a book of Summonings

   Spells                             Type                      Level
   a - Recall                         Summoning/Translocation      3
   b - Aura of Abjuration             Summoning                    5
   c - Summon Demon                   Summoning                    5
   d - Summon Forest                  Summoning/Translocation      5
   e - Summon Mana Viper              Hexes/Summoning              5
   f - Shadow Creatures               Summoning                    6
 K - a book of Alchemy

   Spells                             Type                      Level
   a - Sublimation of Blood           Necromancy                   2
   b - Ignite Poison                  Fire/Transmutation/Poison    3
   c - Condensation Shield            Ice                          4
   d - Petrify                        Transmutation/Earth          4
   e - Alistair's Intoxication        Transmutation/Poison         5
   f - Irradiate                      Conjuration/Transmutation    5
 L - a book of Annihilations

   Spells                             Type                      Level
   a - Poison Arrow                   Conjuration/Poison           6
   b - Chain Lightning                Conjuration/Air              8
   c - Lehudib's Crystal Spear        Conjuration/Earth            8
   d - Glaciate                       Conjuration/Ice              9
   e - Fire Storm                     Conjuration/Fire             9
Comestibles
 c - 7 bread rations
 k - 5 meat rations
 G - 7 slices of pizza


   Skills:
 - Level 10.1 Fighting
 + Level 8.4 Maces & Flails
 + Level 2.7 Throwing
 + Level 5.1 Armour
 + Level 4.8 Dodging
 - Level 12.3 Invocations


You had 10 spell levels left.
You didn't know any spells.

Dungeon Overview and Level Annotations

Branches:
Dungeon (10/15)            Temple (0/1) D:4            Lair (0/8) D:8
    Orc: D:9-12

Altars:
Dithmenos
Elyvilon
Fedhas
Makhleb
Nemelex Xobeh
Qazlal
Ru
Sif Muna
Trog
Yredelemnul
The Shining One

Shops:
D:7 [   D:10 =


Innate Abilities, Weirdness & Mutations

You have a pair of large horns on your head.
Your flesh is cold resistant.
A weak demonic guardian rushes to your aid.
You are immune to freezing clouds.


Message History

You hit the orc. You burn the orc.
The orc is moderately wounded.
Something hits you.
* * * LOW HITPOINT WARNING * * *
The orc hits you with a dagger.
* * * LOW HITPOINT WARNING * * *
You hit the orc but do no damage.
The orc is moderately wounded.
Something hits you.
* * * LOW HITPOINT WARNING * * *
The orc closely misses you.
You barely miss the orc.
The orc is moderately wounded.
Something hits you!
* * * LOW HITPOINT WARNING * * *
The orc hits you but does no damage.
You hit the orc but do no damage. You headbutt the orc, but do no damage.
The orc is moderately wounded.
Something hits you!
You die...

#.##..#..## ##♣.......
#... #....# ♣.∩.♣.....
#..# #....###.♣....... ..
#..# #..#.##...[...... ...
#.# ##..#.##.#..§.....
...##.###.........)§..#...
.....(............§.§##
...#..)...(.....o....#
###.........#...@....#
#.......(##..........#
#......................#
......#######........#..
......# #........###
......# #........# ......#
#........# ......#
......#### ......#


You could see an orc.

Vanquished Creatures
  Harold (D:10)
  A fire drake (D:8)
  3 yaks (D:9)
  A hog (D:7)
  A human (D:7)
  A water moccasin (D:7)
  An orc warrior (D:7)
  2 sky beasts
  A black bear (D:9)
  5 ice beasts (D:6)
  3 ogres
  4 centaurs
  2 big kobolds (D:7)
  2 elf zombies (Ossuary)
  A giant frog (D:7)
  A gnoll sergeant (D:7)
  A scorpion (D:9)
  4 jellies
  5 wights (D:9)
  5 crimson imps
  A giant frog zombie (D:5)
  2 giant frog skeletons
  3 orc priests
  2 gnoll shamans
  9 hounds
  An iguana (D:9)
  9 orc wizards
  8 worker ants
  3 sheep (D:7)
  A big kobold zombie (Ossuary)
  3 hound zombies
  A hound skeleton (D:7)
  4 mummies (Ossuary)
  7 adders
  14 gnolls
  A shadow imp (D:8)
  An ooze (D:1)
  An adder skeleton (D:5)
  2 worms
  8 giant geckos
  25 orcs
  5 giant cockroaches
  A gnoll zombie (Ossuary)
  11 goblins
  16 hobgoblins
  9 jackals
  3 quokkas
  2 ball pythons (D:3)
  7 bats
  2 giant gecko skeletons (D:6)
  3 giant newts
  A goblin zombie (Ossuary)
  2 hobgoblin zombies (Ossuary)
  A jackal zombie (Ossuary)
  18 kobolds
  A quokka skeleton (D:8)
  7 rats
  A plant (D:7)
241 creatures vanquished.

Vanquished Creatures (collateral kills)
  The ghost of Ijustatesigmund the Cudgeler, a novice DsAK of Lugonu (D:6)
  A two-headed ogre (D:9)
  Grinder (D:5)
  A hungry ghost (D:9)
  A sky beast (D:6)
  2 scorpions
  An orc wizard (D:7)
  2 gnolls (D:7)
  3 orcs
  A gnoll zombie (Ossuary)
  2 hobgoblins (D:7)
  A hobgoblin zombie (Ossuary)
17 creatures vanquished.

Vanquished Creatures (others)
  A gargoyle (D:10)
  A two-headed ogre (D:6)
  A yak (D:9)
  A sky beast (D:4)
  An orc warrior (D:7)
  A phantom (D:3)
  2 ogres (D:7)
  An orc priest (D:7)
  An iguana (D:4)
10 creatures vanquished.

Grand Total: 268 creatures vanquished

Notes
Turn   | Place    | Note
--------------------------------------------------------------
     0 | Abyss:1  | Ijustatesigmund the Demonspawn Abyssal Knight began the quest for the Orb.
     0 | Abyss:1  | Reached XP level 1. HP: 18/18 MP: 2/2
     4 | D:1      | Escaped the Abyss
    37 | D:1      | Gained mutation: A weak demonic guardian rushes to your aid. [demonic ancestry]
    37 | D:1      | Reached XP level 2. HP: 21/24 MP: 4/4
   253 | D:1      | Reached ** piety under Lugonu
   305 | D:1      | Reached XP level 3. HP: 22/29 MP: 5/5
   815 | D:2      | Found a stormy altar of Qazlal.
  1071 | D:2      | Found a blossoming altar of Fedhas.
  1136 | D:2      | Found a sacrificial altar of Ru.
  1149 | D:2      | Found a glowing golden altar of the Shining One.
  1167 | D:2      | Found a burning altar of Makhleb.
  1203 | D:2      | Found a sparkling altar of Nemelex Xobeh.
  1333 | D:3      | Reached XP level 4. HP: 21/36 MP: 6/6
  1600 | D:3      | Reached *** piety under Lugonu
  1770 | D:3      | Noticed a phantom
  1791 | D:3      | HP: 1/37 [phantom (6)]
  1795 | D:3      | Banished a phantom
  1795 | D:3      | Reached skill level 4 in Invocations
  1795 | D:3      | Gained mutation: You have a pair of small horns on your head. [demonic ancestry]
  1795 | D:3      | Reached XP level 5. HP: 2/42 MP: 6/8
  2451 | D:4      | Noticed a sky beast
  2467 | D:4      | Banished a sky beast
  2467 | D:4      | Gained mutation: Your flesh is cold resistant. [demonic ancestry]
  2467 | D:4      | Reached XP level 6. HP: 12/48 MP: 9/9
  3350 | D:4      | Found a staircase to the Ecumenical Temple.
  3670 | D:5      | Entered Level 5 of the Dungeon
  3805 | D:5      | Found a sand-covered staircase.
  3812 | Ossuary  | Entered an ossuary
  3824 | Ossuary  | Reached skill level 5 in Invocations
  3831 | Ossuary  | Reached skill level 5 in Maces & Flails
  3852 | Ossuary  | Reached XP level 7. HP: 29/55 MP: 10/10
  4139 | Ossuary  | Reached skill level 5 in Fighting
  4186 | Ossuary  | Reached skill level 10 in Fighting
  4186 | Ossuary  | Reached skill level 12 in Invocations
  4186 | Ossuary  | Gained mutation: You have a pair of horns on your head. [demonic ancestry]
  4186 | Ossuary  | Reached XP level 8. HP: 41/72 MP: 11/17
  4368 | D:5      | Cast into level 1 of the Abyss (gnoll)
  4371 | D:5      | Escaped the Abyss
  4734 | D:5      | Found a bloodstained altar of Trog.
  4765 | D:5      | Reached skill level 1 in Dodging
  5097 | D:5      | Noticed Grinder
  5267 | D:6      | Reached **** piety under Lugonu
  5396 | D:6      | Noticed Ijustatesigmund's ghost (novice DsAK)
  5696 | D:6      | Reached XP level 9. HP: 73/78 MP: 18/18
  5797 | D:6      | Killed Ijustatesigmund's ghost
  6809 | D:7      | Found Enod's Antique Armour Boutique.
  7987 | D:7      | Found a blossoming altar of Fedhas.
  8040 | D:7      | Reached ***** piety under Lugonu
  8043 | D:7      | Gained mutation: You are immune to freezing clouds. [demonic ancestry]
  8043 | D:7      | Reached XP level 10. HP: 28/85 MP: 19/19
  8450 | D:5      | Paralysed by Grinder for 4 turns
  8452 | D:5      | Killed Grinder
  9338 | D:8      | Found a shadowy altar of Dithmenos.
  9369 | D:8      | Found a staircase to the Lair.
  9545 | D:8      | Found a white marble altar of Elyvilon.
  9677 | D:8      | Reached skill level 1 in Throwing
  9852 | D:9      | Found a deep blue altar of Sif Muna.
 11057 | D:9      | Found a basalt altar of Yredelemnul.
 11088 | D:10     | Entered Level 10 of the Dungeon
 11102 | D:10     | Noticed Harold
 11127 | D:10     | Killed Harold
 11127 | D:10     | Reached skill level 5 in Armour
 11301 | D:10     | Found Xaxab's Jewellery Emporium.
 11308 | D:10     | Noticed a gargoyle
 11325 | D:10     | Banished a gargoyle
 11325 | D:10     | Gained mutation: You have a pair of large horns on your head. [demonic ancestry]
 11325 | D:10     | Reached XP level 11. HP: 15/90 MP: 20/20
 11326 | D:10     | HP: 2/90 [something (9)]
 11332 | D:10     | HP: 4/90 [something (7)]
 11333 | D:10     | Slain by an unseen horror

Vault maps used:
D:1:      dpeg_arrival_rhombus
D:2:      nicolae_overflow_quartered_altars, fedhas_altar_4,
          kennysheep_minor_cross, st_stairs_8, kennysheep_doodads,
          grunt_qazlal_sundering
D:3:      first_bread
D:4:      minmay_temple_entry_fiery, grunt_ministairs_14,
          kennysheep_windowed_goal
D:5:      enter_ossuary_1, bloody_trog, uniq_grinder
D:7:      kennysheep_housing_project, basic_altar, serial_shops,
          nicolae_shop_waterfront, grunt_livestock
D:8:      old_standard_altar, kennysheep_mini, minmay_lair_entry_lava
D:9:      kennysheep_mini_moat, basic_altar, minmay_misc_feat_diagonals
D:10:     serial_shops, nicolae_shop_trees, uniq_harold
Abyss:1:  evilmike_abyss_exit_15
Ossuary:  ossuary_minmay_tomb_2a

Action                   |  1- 3 |  4- 6 |  7- 9 | 10-12 || total
-------------------------+-------+-------+-------+-------++-------
Melee: Mace              |   129 |    61 |       |       ||   190
       Flail             |       |    93 |   282 |   226 ||   601
       Dire flail        |       |       |       |    64 ||    64
Throw: Tomahawk          |       |     1 |    23 |    11 ||    35
       Throwing net      |       |       |     2 |       ||     2
Invok: Banish            |       |     3 |     3 |     4 ||    10
       Bend Space        |       |       |       |     1 ||     1
Evoke: Wand              |       |       |       |     1 ||     1
  Use: Scroll            |     7 |     3 |     4 |     8 ||    22
       Potion            |       |     5 |     7 |     1 ||    13
 Stab: Sleeping          |       |     2 |     2 |     2 ||     6
       Distracted        |       |     2 |     1 |       ||     3
  Eat: Fruit             |     2 |     2 |       |       ||     4
       Chunk             |       |     7 |     1 |     8 ||    16
       Pizza             |       |       |     3 |       ||     3
       Meat ration       |       |       |     1 |       ||     1
       Beef jerky        |       |       |     1 |     2 ||     3
       Bread ration      |       |       |     1 |       ||     1
       Royal jelly       |       |       |       |     1 ||     1
